 Dungeon Crawl Stone Soup version 0.30-a0-457-g4b7bca3bfa (webtiles) character file.

Game seed: 12528344794700512855

7540 Jackthecabe the Destroyer (level 10, -4/83 HPs)
             Began as a Demigod Conjurer on Dec 12, 2022.
             Slain by a troll (11 damage)
             ... on level 10 of the Dungeon.
             The game lasted 00:30:45 (14685 turns).

Jackthecabe the Destroyer (Demigod Conjurer)       Turns: 14685, Time: 00:30:46

Health: -4/83      AC:  4    Str:  8    XL:     10   Next: 64%
Magic:  0/20       EV: 13    Int: 32    God:
Gold:   487        SH:  0    Dex: 12    Spells: 11/18 levels left

rFire   . . .      SeeInvis +    u - +2 whip (venom)
rCold   . . .      Faith    .    (no shield)
rNeg    . . .      Spirit   +    a - +0 robe
rPois   .          Reflect  .    g - +0 helmet
rElec   .          Harm     .    (no cloak)
rCorr   .          Rampage  .    (no gloves)
Will    +++..                    (no boots)
Stlth   ++........               o - amulet "Xygg" {Spirit Will+ SInv}
HPRegen 0.33/turn                Y - +4 ring of slaying
MPRegen 0.17/turn                B - ring of willpower

@: no status effects
A: high MP 1, forlorn, divine attributes, shaggy fur 1, wild magic 1, no potion
heal 1, MP-powered wands
a: no special abilities


You were on level 10 of the Dungeon.
You visited 1 branch of the dungeon, and saw 10 of its levels.
You also visited: Ossuary.

You collected 487 gold pieces.


Innate Abilities, Weirdness & Mutations

You have an increased reservoir of magic. (+10% MP)
You shall have no god before yourself.
Your divine heritage dramatically boosts your attributes as you level up.
You are covered in fur. (AC +1)
Your spells are a little harder to cast, but a little more powerful.
Potions are less effective at restoring your health.
You expend magic power (3 MP) to strengthen your wands.


   Skills:
 - Level 6.0 Fighting
 - Level 4.0 Armour
 - Level 4.0 Dodging
 - Level 1.7 Stealth
 + Level 4.8 Spellcasting
 - Level 11.0 Conjurations
 - Level 6.0 Hexes
 - Level 2.0 Evocations


You had 11 spell levels left.
You knew the following spells:

 Your Spells              Type           Power      Damage    Failure   Level
f - Fulminant Prism       Conj/Hex       34%        3d16      3%          4
m - Magic Dart            Conj           100%       1d8       1%          1
s - Searing Ray           Conj           100%       2d8       1%          2

Your spell library contained the following spells:

 Spells                   Type           Power      Damage    Failure   Level
 Dazzling Flash           Conj/Hex       100%       N/A       1%          3
 Beastly Appendage        Tmut           18%        N/A       9%          1
 Iskenderun's Mystic Bla  Conj/Tloc      54%        2d12      9%          4
 Wereblood                Tmut           9%         N/A       12%         2
 Spider Form              Tmut/Pois      9%         N/A       22%         3

Inventory:

Hand Weapons
 u - a +2 whip of venom (weapon)
   (You took it off a kobold on level 4 of the Dungeon)
Missiles
 m - 2 silver boomerangs
 v - 13 poisoned darts
 L - 2 throwing nets {=f!f}
Armour
 a - a +0 robe (worn)
 g - a +0 helmet (worn)
   (You took it off Robin on level 2 of the Dungeon)
 n - an orb of energy
   (You found it on level 3 of the Dungeon)
 y - a +0 pair of boots
   (You found it on level 5 of the Dungeon)
 V - a +0 cloak
   (You found it on level 9 of the Dungeon)
Magical Staves
 K - a staff of cold {!a}
   (You took it off an orc on level 6 of the Dungeon)
Jewellery
 o - the amulet "Xygg" (around neck) {Spirit Will+ SInv}
   (You found it on level 10 of the Dungeon)

   [amulet of guardian spirit]

   It causes incoming damage to be divided between your reserves of health and
   magic.
   SInv:      It lets you see invisible.
   Will:      It increases your willpower.
 B - a ring of willpower (right hand)
   (You found it on level 6 of the Dungeon)
 D - a +6 ring of dexterity
   (You found it on level 2 of the Dungeon)
 S - a +6 ring of strength
   (You found it on level 6 of the Dungeon)
 Y - a +4 ring of slaying (left hand)
   (You found it on level 6 of the Dungeon)
 Z - a ring of wizardry
   (You found it on level 8 of the Dungeon)
Wands
 c - a wand of charming (2)
   (You found it on level 10 of the Dungeon)
 l - a wand of roots (4)
   (You found it on level 4 of the Dungeon)
 z - a wand of mindburst (4)
   (You found it on level 6 of the Dungeon)
 M - a wand of polymorph (1)
   (You took it off Dowan on level 7 of the Dungeon)
 R - a wand of flame (21)
   (You found it on level 8 of the Dungeon)
Scrolls
 d - 7 scrolls of teleportation {unknown}
 i - 4 scrolls of magic mapping {unknown}
 j - a scroll of torment {unknown}
 k - 3 scrolls of enchant armour {unknown}
 q - a scroll of brand weapon {unknown}
 r - 2 scrolls of blinking {unknown}
 s - 2 scrolls of silence {unknown}
 t - a scroll of poison {unknown}
 w - 3 scrolls of amnesia {unknown}
 A - 3 scrolls of noise {unknown}
 C - 7 scrolls of identify {unknown}
 E - 2 scrolls of fear {unknown}
 F - a scroll of vulnerability {unknown}
 G - 6 scrolls of fog {unknown}
 J - a scroll of butterflies {unknown}
 N - a scroll of enchant weapon {unknown}
 Q - a scroll of acquirement {unknown}
Potions
 b - 3 potions of magic
 e - 3 potions of attraction {unknown}
 f - 2 potions of flight {unknown}
 h - 5 potions of curing {@q1}
 p - 2 potions of berserk rage {unknown}
 x - 2 potions of degeneration {unknown}
 H - 3 potions of haste {unknown}
 I - a potion of might {unknown}
 P - a potion of heal wounds {@q2}
 U - 2 potions of cancellation {unknown}
 W - a potion of lignification {unknown}
 X - a potion of brilliance {unknown}

Dungeon Overview and Level Annotations

Branches:
Dungeon (10/15) Zot: 26671  Temple (0/1) D:7         Ossuary (visited)
   Lair: D:8-11         Orc: D:9-12

Shops:
D:4

* .♣#### .♣T.. ≈~≈≈ ~≈~ ≈~ #.
### .♣ #. #..########.######
###. #.......@T........ #...
#..####.#####.#### #... #..##
#.# ##+## ... #...###.#
##...## #. #.......###..<..##
##. ###.######.......## ##.#
..#####...####.........####...
.............+.........'.."...
#.####....####.........####...


You could see a troll.


Message History

You start resting.
You are no longer corroded. 😮 HP[+3] MP[+1]
You regained 3 hp, and now have 54/83 hp.
You start resting. 😮 HP[+2] MP[+2]
You regained 2 hp, and now have 56/83 hp.
Your mp is fully restored (20).
You start resting.
You hear the faint creaking of a very distant portcullis. 😕 HP[+10]
You regained 10 hp, and now have 66/83 hp.
You start resting. 😎 HP[+17]
Your hp is fully restored (83).
You hear the creaking of a very distant portcullis.
o - the amulet "Xygg" {Spirit Will+ SInv} A troll comes into view.
You start putting on your amulet.
You continue putting on the amulet "Xygg" {Spirit Will+ SInv}. x5
You finish putting on the amulet "Xygg" {Spirit Will+ SInv}.
You feel your power drawn to a protective spirit.
o - the amulet "Xygg" (around neck) {Spirit Will+ SInv}
Casting: Searing Ray (safe; 1% risk of failure)
Confirm with . or Enter, or press ? or * to list all spells.
Aiming: Searing Ray (safe; 1% risk of failure)
Press: ? - help, Shift-Dir - straight line, f - troll
Aim: a troll (83% to hit)
The searing ray misses the troll. (Press . to maintain the ray.)
The troll closely misses you. The troll claws you!
The troll claws you but does no damage. 😕 HP[-8] MP[-4]
You take 8 damage, and now have 75/83 hp.
You lost 4 mp, and now have 16/20 mp.
The searing ray misses the troll.
The troll closely misses you. x2
The troll claws you. 😕 HP[-5] MP[-2]
You take 5 damage, and now have 70/83 hp.
You lost 2 mp, and now have 14/20 mp.
The searing ray hits the troll!
The troll misses you. The troll claws you but does no damage.
The troll claws you! 😮 HP[-10] MP[-3]
You take 10 damage, and now have 60/83 hp.
You lost 3 mp, and now have 11/20 mp.
Unknown command. 😮 HP[+1]
Casting: Searing Ray (safe; 1% risk of failure)
Confirm with . or Enter, or press ? or * to list all spells.
Aiming: Fulminant Prism (dangerous; 3% risk of failure)
Press: ? - help, Dir - move target, p - troll You conjure a prism of explosive energy!
A fulminant prism comes into view.
The troll bites you. The troll barely misses you.
The troll claws you but does no damage. 😮 HP[-4] MP[-4]
You take 4 damage, and now have 57/83 hp.
You lost 4 mp, and now have 7/20 mp.
Casting: Fulminant Prism (dangerous; 3% risk of failure)
Confirm with . or Enter, or press ? or * to list all spells.
Aiming: Searing Ray (safe; 1% risk of failure)
Press: ? - help, Shift-Dir - straight line, f - fulminant prism
Aim: a fulminant prism (friendly, 100% to hit)
Really fire at your fulminant prism? [Y]es or [N]o only, please.
Really fire at your fulminant prism?
Okay, then.
Casting: Searing Ray (safe; 1% risk of failure)
Confirm with . or Enter, or press ? or * to list all spells.
Aiming: Searing Ray (safe; 1% risk of failure)
Press: ? - help, Shift-Dir - straight line, f - troll, p - fulminant prism
Aim: a troll (lightly wounded, ally target, 83% to hit)
The searing ray hits the troll! (Press . to maintain the ray.)
The troll bites you! The troll misses you. The troll claws you!
* * * LOW HITPOINT WARNING * * *
Your fulminant prism crackles loudly. 😨 HP[-22] MP[-4]
You take 22 damage, and now have 35/83 hp.
MASSIVE DAMAGE!! (PAUSE)
You lost 4 mp, and now have 3/20 mp.
The searing ray hits the troll!
The troll bites you!
* * * LOW HITPOINT WARNING * * *
The troll claws you!
* * * LOW HITPOINT WARNING * * *
The troll completely misses you.
The blast of energy engulfs the troll!
You hear a bellow!
You hear a roar!
You hear an angry buzzing noise. 😱 HP[-24] MP[-3]
You take 24 damage, and now have 11/83 hp.
MASSIVE DAMAGE!! (PAUSE)
You lost 3 mp, and now have 0/20 mp.
Aiming: Mindburst
Press: ? - help, Shift-Dir - straight line, f/p - troll
Aim: a troll (almost dead, chance to affect: 73%)
The troll struggles to resist.
You hear a shout!
The troll barely misses you. The troll claws you.
* * * LOW HITPOINT WARNING * * *
The troll claws you!
You die...

Skill      XL: |  1  2  3  4  5  6  7  8  9 10 |
---------------+-------------------------------+-----
Spellcasting   | 2 3 4 |  4.8
Conjurations   | 4 5 6 8 10 11 | 11.0
Hexes          | 1 3 5 6 |  6.0
Fighting       | 2 5 6 |  6.0
Evocations     | 2 |  2.0
Armour         | 4 |  4.0
Dodging        | 3 4 |  4.0
Stealth        | |  1.7

Action                   |  1- 3 |  4- 6 |  7- 9 | 10-12 || total
-------------------------+-------+-------+-------+-------++-------
Melee: Unarmed           |    30 |    20 |       |       ||    50
       Whip              |       |     3 |     8 |    19 ||    30
 Cast: Magic Dart        |    94 |   104 |   226 |    20 ||   444
       Searing Ray       |     6 |    22 |    59 |    22 ||   109
       Fulminant Prism   |       |       |    12 |    14 ||    26
Evoke: Wand              |       |       |     2 |     3 ||     5
  Use: Potion            |     1 |     1 |     2 |       ||     4
Armor: Robe              |    35 |     8 |    22 |     7 ||    72
Dodge: Dodged            |    78 |    34 |   116 |    33 ||   261

Levels and vault maps discovered:
D:1:      mrwooster_arrival_statue, layout_basic
D:2:      layout_loops_ring, uniq_robin
D:3:      minmay_wonky_spiral, layout_basic
D:4:      layout_loops_cross, kiku_gazebo_garden_becter,
          minmay_misc_feat_encased, minmay_tree_intersection,
          nicolae_shop_sticking_my_neck_out
D:5:      layout_rooms, minivault_26, minivault_25, st_stairs_4, uniq_grinder
D:6:      layout_loops_ring, minitemple, nicolae_ossuary_entry_monument
D:7:      layout_gridville, minmay_temple_entry_statues_pillars, uniq_duvessa,
          uniq_joseph, uniq_prince_ribbit1
D:8:      layout_basic, david_defended_altar_orc
D:9:      layout_loops_ring, uniq_psyche
D:10:     nzn_winding_woodlands_three_and_one
          [nzn_winding_woodlands_5x15_jagged,
          nzn_winding_woodlands_5x15_pathside_ponds,
          nzn_winding_woodlands_5x15_river_crossing,
          nzn_winding_woodlands_center_lodge], layout_loops_corners,
          okawaru_metal_pillars_1_2, erik_lair_orcish_takeover, enter_bailey_5

Notes
Turn   | Place    | Note
-------+----------+-------------------------------------------
     0 | D:1      | Jackthecabe the Demigod Conjurer began the quest for the
                  | Orb.
     0 | D:1      | Reached XP level 1. HP: 14/14 MP: 5/5
     0 | D:1      | magus.rc [v1.11.4]
   194 | D:1      | Reached skill level 2 in Spellcasting
   411 | D:2      | HP: 2/14 [jackal (2)]
   413 | D:2      | Gained mutation: Your spells are a little harder to cast,
                  | but a little more powerful. [potion of mutation]
   413 | D:2      | Gained mutation: Potions are less effective at restoring
                  | your health. [potion of mutation]
   413 | D:2      | Gained mutation: You are covered in fur. (AC +1) [potion of
                  | mutation]
   413 | D:2      | Gained mutation: You expend magic power (3 MP) to
                  | strengthen your wands. [potion of mutation]
   422 | D:2      | Reached skill level 4 in Conjurations
   422 | D:2      | Reached XP level 2. HP: 5/20 MP: 0/7
   427 | D:2      | HP: 5/20 [bat (1)]
   432 | D:2      | HP: 5/20 [bat (1)]
   437 | D:2      | HP: 5/20 [bat (1)]
   538 | D:1      | Learned a level 2 spell: Searing Ray
  1123 | D:1      | Reached XP level 3. HP: 26/26 MP: 3/8
  1724 | D:2      | Noticed Robin
  1821 | D:2      | Killed Robin
  1822 | D:2      | Reached skill level 5 in Conjurations
  2190 | D:2      | Reached XP level 4. HP: 28/33 MP: 4/9
  2446 | D:2      | You pick up a book of Changes and begin reading...
  2446 | D:2      | You add the spells Beastly Appendage, Wereblood and Spider
                  | Form to your library.
  2501 | D:2      | You fall into a shaft and drop 2 floors!
  2509 | D:4      | Found Xiuczi's Neck Hole.
  2658 | D:4      | Noticed a black bear
  2665 | D:4      | Killed a black bear
  2666 | D:4      | Reached skill level 6 in Conjurations
  2666 | D:4      | Reached skill level 1 in Hexes
  2666 | D:4      | Reached XP level 5. HP: 38/38 MP: 0/10
  2671 | D:4      | Learned a level 4 spell: Fulminant Prism
  2867 | D:4      | Reached skill level 2 in Hexes
  3160 | D:4      | Reached skill level 3 in Hexes
  3160 | D:4      | Reached XP level 6. HP: 35/45 MP: 0/11
  4878 | D:4      | Reached skill level 4 in Hexes
  5034 | D:4      | HP: 10/45 [poisoned by a scorpion]
  5417 | D:5      | Entered Level 5 of the Dungeon
  5477 | D:5      | Reached skill level 5 in Hexes
  5477 | D:5      | Reached XP level 7. HP: 50/50 MP: 2/13
  5735 | D:5      | Noticed a steam dragon
  5757 | D:5      | Killed a steam dragon
  5758 | D:5      | Reached skill level 6 in Hexes
  5758 | D:5      | Reached skill level 2 in Fighting
  5934 | D:5      | Noticed Grinder
  5935 | D:5      | Paralysed by Grinder for 5 turns
  5966 | D:4      | Reached skill level 1 in Evocations
  6067 | D:5      | Killed Grinder
  6068 | D:5      | Reached skill level 2 in Evocations
  6188 | D:5      | Reached XP level 8. HP: 34/61 MP: 9/14
  6256 | D:4      | Reached skill level 7 in Conjurations
  6885 | D:6      | Reached skill level 8 in Conjurations
  6897 | D:6      | Reached skill level 1 in Armour
  6926 | D:6      | Reached skill level 2 in Armour
  6983 | D:6      | Reached skill level 3 in Armour
  7109 | D:6      | Found a sand-covered staircase.
  7130 | Ossuary  | Entered an ossuary
  7480 | Ossuary  | Reached skill level 4 in Armour
  8039 | Ossuary  | Reached XP level 9. HP: 67/67 MP: 10/15
  8264 | Ossuary  | Reached skill level 9 in Conjurations
  8378 | Ossuary  | Reached skill level 3 in Fighting
  9086 | D:6      | Reached skill level 4 in Fighting
  9290 | D:7      | HP: 16/71 [gnoll/+0 halberd[a gnoll bouda] (10)]
  9296 | D:7      | HP: 17/71 [gnoll/+0 halberd[a gnoll bouda] (1)]
  9298 | D:7      | HP: 6/71 [gnoll/+0 halberd[a gnoll bouda] (11)]
  9303 | D:6      | Reached skill level 3 in Spellcasting
  9829 | D:7      | Noticed Duvessa
  9835 | D:7      | Noticed Dowan
  9836 | D:7      | Killed Duvessa
  9952 | D:7      | Killed Dowan
  9953 | D:7      | Reached skill level 5 in Fighting
  9954 | D:7      | Reached skill level 2 in Dodging
 10038 | D:7      | Reached skill level 3 in Dodging
 10131 | D:7      | Noticed Joseph
 10254 | D:7      | Killed Joseph
 10417 | D:7      | Noticed Prince Ribbit
 10428 | D:7      | Killed Prince Ribbit
 11076 | D:7      | Found a staircase to the Ecumenical Temple.
 11463 | D:8      | HP: 6/74 [steam dragon/ball of steam (14)]
 11466 | D:8      | Reached skill level 10 in Conjurations
 11849 | D:8      | Reached XP level 10. HP: 57/81 MP: 4/17
 12040 | D:8      | Reached skill level 4 in Dodging
 12960 | D:9      | Noticed Psyche
 12967 | D:9      | Killed Psyche
 12968 | D:9      | Reached skill level 6 in Fighting
 13582 | D:9      | Reached skill level 4 in Spellcasting
 14356 | D:10     | Entered Level 10 of the Dungeon
 14416 | D:10     | Reached skill level 11 in Conjurations
 14665 | D:10     | Identified the amulet "Xygg" {Spirit Will+ SInv}
 14684 | D:10     | HP: 11/83 [troll (11)]
 14685 | D:10     | Slain by a troll

Vanquished Creatures
  Joseph (D:7)
  Psyche (D:9)
  A hornet (D:9)
  Prince Ribbit (D:7)
  Grinder (D:5)
  9 yaks
  4 steam dragons
  An acid dragon (D:10)
  2 water moccasins
  Duvessa (D:7)
  2 ice beasts
  A sky beast (D:6)
  2 orc warriors (D:9)
  3 black bears
  A centaur (D:8)
  A kobold brigand (D:8)
  A gnoll sergeant (D:5)
  5 bullfrogs
  4 necrophages
  13 scorpions
  Dowan (D:7)
  6 killer bees (D:9)
  A howler monkey (D:7)
  2 centaur zombies (Ossuary)
  5 hounds
  6 jellies
  A gnoll bouda (D:7)
  2 human zombies (Ossuary)
  9 orc priests
  4 iguanas
  4 scorpion zombies (Ossuary)
  3 orc wizards
  3 mummies (Ossuary)
  Robin (D:2)
  8 adders
  20 gnolls
  A white imp (D:6)
  2 ufetubi
  2 worms (D:3)
  A dart slug (D:3)
  37 orcs
  6 bats
  5 endoplasms
  4 giant cockroaches
  9 goblins
  10 hobgoblins
  20 jackals
  4 quokkas
  4 ball pythons
  5 frilled lizards
  3 gnoll zombies (Ossuary)
  3 goblin zombies (Ossuary)
  2 hobgoblin zombies (Ossuary)
  10 kobolds
  2 kobold zombies (Ossuary)
  An orc zombie (Ossuary)
  5 rats
267 creatures vanquished.

Vanquished Creatures (others)
  26 fulminant prisms
  7 withered plants (D:4)
33 creatures vanquished.

Grand Total: 300 creatures vanquished

Table legend:
 A = Non-vault XP
 B = Vault XP
 C = Vault XP percentage of total XP
 D = Non-vault monster count
 E = Vault monster count
 F = Vault count percentage of total count
                 A         B        C        D         E       F
            +---------+---------+-------+---------+---------+-------
      Total |    7580 |    3192 |  29.6 |     208 |      59 |  22.1
            +---------+---------+-------+---------+---------+-------
        D:1 |      68 |       4 |   5.6 |      33 |       2 |   5.7
        D:2 |      20 |      30 |  60.0 |      12 |       9 |  42.9
        D:3 |      55 |      25 |  31.2 |      19 |       5 |  20.8
        D:4 |     743 |       0 |   0.0 |      37 |       0 |   0.0
        D:5 |     825 |     462 |  35.9 |      19 |       3 |  13.6
        D:6 |     850 |       0 |   0.0 |      18 |       0 |   0.0
        D:7 |    1047 |     955 |  47.7 |      28 |       4 |  12.5
        D:8 |     681 |     123 |  15.3 |      12 |       3 |  20.0
        D:9 |    2344 |     383 |  14.0 |      25 |       1 |   3.8
       D:10 |     947 |       0 |   0.0 |       5 |       0 |   0.0
    Ossuary |       0 |    1210 | 100.0 |       0 |      32 | 100.0
            +---------+---------+-------+---------+---------+-------

Illustrated notes

Table legend:
 A = Kills in this place as a percentage of kills in entire the game.
 B = Kills by you in this place as a percentage of kills by you in the entire game.
 C = Kills by friends in this place as a percentage of kills by friends in the entire game.
 D = Other kills in this place as a percentage of other kills in the entire game.
 E = Experience gained in this place as a percentage of experience gained in the entire game.
 F = Experience gained in this place divided by the number of levels of this place that you have seen.
                   A       B       C       D       E      F
               +-------+-------+-------+-------+-------+----------------------
         Total | 100.0 | 100.0 |   N/A |   N/A | 100.0 | 979.3
       Dungeon |  88.0 |  88.0 |   N/A |   N/A |  88.8 | 956.2
       Ossuary |  12.0 |  12.0 |   N/A |   N/A |  11.2 | 1210.0
               +-------+-------+-------+-------+-------+----------------------

Table legend: (Time is in decaauts)
 A = Elapsed time spent in this place.
 B = Non-inter-level travel time spent in this place.
 C = Inter-level travel time spent in this place.
 D = Time resting spent in this place.
 E = Time spent auto-exploring this place.
 F = Levels seen in this place.
 G = Mean time per level.
                   A        B        C        D        E       F      G
               +--------+--------+--------+--------+--------+-----+--------+
         Total |  14688 |  14276 |    412 |   2880 |   9350 |  11 | 1335.3 |
       Dungeon |  13315 |  12903 |    412 |   2836 |   8282 |  10 | 1331.5 |
       Ossuary |   1373 |   1373 |      0 |     44 |   1068 |   1 | 1373.0 |
               +--------+--------+--------+--------+--------+-----+--------+

Top non-repeatable levels by time:
     D:4: 1921 daAuts
     D:1: 1778 daAuts
     D:6: 1723 daAuts
     D:8: 1522 daAuts
     D:7: 1446 daAuts
     D:9: 1423 daAuts
 Ossuary: 1373 daAuts
     D:3: 1269 daAuts
     D:5: 1013 daAuts
     D:2: 888 daAuts
    D:10: 327 daAuts
